 Dungeon Crawl Stone Soup version 0.29.1-12-g30fa7ad0bf (webtiles) character file.

Game seed: 13428469657456395706

139272 GeoRichter the Warrior (level 17, -1/120 HPs)
             Began as a Tengu Monk on Dec 26, 2022.
             Was a High Priest of Trog.
             Slain by a faun
             ... wielding a +0 spear
              (2 damage)
             ... on level 2 of the Shoals.
             The game lasted 01:04:18 (33983 turns).

GeoRichter the Warrior (Tengu Monk)                Turns: 33983, Time: 01:04:18

Health: -1/120     AC: 16    Str: 16    XL:     17   Next: 28%
Magic:  18/18      EV: 25    Int: 11    God:    Trog [*****.]
Gold:   2454       SH: 13    Dex: 20    Spells: 16/16 levels left

rFire   . . .      SeeInvis +   a - +2 demon whip (flame)
rCold   + + +      Faith    .   Y - +2 kite shield {rC+}
rNeg    . . .      Spirit   .   S - +0 acid dragon scales
rPois   +          Reflect  .   t - +0 hat of Cyirghah {rC++ Will++ Stlth-}
rElec   .          Harm     .   D - +0 cloak
rCorr   +          Rampage  .   i - +3 pair of gauntlets of War {Slay+5}
Will    +++..                   (boots unavailable)
Stlth   +++.......              (no amulet)
HPRegen 0.30/turn               o - ring of see invisible
MPRegen 0.16/turn               y - ring of poison resistance

@: about to teleport, flying quickly and evasively, studying 2 skills, quick
A: beak, talons 3, nimble flight, mutation resistance 1
a: Renounce Religion, Berserk, Trog's Hand, Brothers in Arms


You were on level 2 of the Shoals.
You worshipped Trog.
Trog was extremely pleased with you.
You visited 6 branches of the dungeon, and saw 29 of its levels.
You also visited: Sewer, Ossuary and Ice Cave.

You collected 3351 gold pieces.
You spent 897 gold pieces at shops.

Inventory:

Hand Weapons
 a - a +2 demon whip of flaming (weapon)
   (Trog gifted it to you on level 5 of the Lair of Beasts)
 b - the +9 whip of the Priest {freeze, Will+}
   (You found it on level 2 of the Dungeon)

   It freezes those it strikes, dealing additional cold damage.
   It can also slow down cold-blooded creatures.
   Will:      It increases your willpower.
Missiles
 H - a throwing net {!f}
 N - 4 javelins
Armour
 f - a +0 troll leather armour
   (You found it on level 12 of the Dungeon)
 i - the +3 pair of gauntlets of War (worn) {Slay+5}
   (You acquired it on level 3 of the Lair of Beasts)

   Slay:      It affects your accuracy & damage with ranged weapons and melee
   (+5).
 t - the +0 hat of Cyirghah (worn) {rC++ Will++ Stlth-}
   (You acquired it on level 4 of the Lair of Beasts)

   rC:        It greatly protects you from cold.
   Will:      It greatly increases your willpower.
   Stlth:     It makes you less stealthy.
 B - +0 ice dragon scales
   (You found it in an ice cave)
 D - a +0 cloak (worn)
   (You took it off Maurice on level 8 of the Dungeon)
 J - a +0 buckler
   (You bought it in a shop on level 9 of the Dungeon)
 O - a +2 pair of gloves of infusion
   (You bought it in a shop on level 10 of the Dungeon)
 S - +0 acid dragon scales (worn)
   (You found it on level 11 of the Dungeon)
 Y - a +2 kite shield of cold resistance (worn)
   (You found it in an ice cave)
Jewellery
 o - a ring of see invisible (left hand)
   (You acquired it on level 1 of the Spider Nest)
 y - a ring of poison resistance (right hand)
   (You found it on level 10 of the Dungeon)
 F - the ring "Ihuilo" {Will+ Str+4}
   (You found it on level 6 of the Dungeon)

   [ring of willpower]

   Str:       It affects your strength (+4).
   Will:      It increases your willpower.
 G - a ring of resist corrosion
   (You found it on level 7 of the Dungeon)
 L - an amulet of regeneration
   (You found it on level 5 of the Lair of Beasts)
 Q - a ring of protection from fire
   (You found it in an ice cave)
 V - the ring "Cycaefoy" {rF+ Will+}
   (You found it in an ice cave)

   [ring of willpower]

   rF:        It protects you from fire.
   Will:      It increases your willpower.
Wands
 g - a wand of mindburst (1)
   (You found it on level 15 of the Dungeon)
 C - a wand of roots (17)
   (You found it in a sewer)
 P - a wand of charming (16) (quivered)
   (You found it on level 1 of the Lair of Beasts)
 R - a wand of digging (7)
   (You took it off Grum on level 11 of the Dungeon)
Scrolls
 h - 12 scrolls of teleportation {@r4}
 k - 5 scrolls of torment {!r}
 l - 4 scrolls of enchant armour
 m - 5 scrolls of blinking
 p - 5 scrolls of immolation {!r}
 q - 7 scrolls of vulnerability {!r}
 r - 6 scrolls of poison {!r}
 z - a scroll of magic mapping
 A - a scroll of identify {@r1}
 K - 5 scrolls of enchant weapon
 U - 2 scrolls of butterflies
Potions
 c - 4 potions of ambrosia
 e - 2 potions of invisibility
 j - 7 potions of lignification {!q}
 n - 11 potions of curing {@q1}
 s - 7 potions of heal wounds {@q2}
 u - a potion of mutation {!q}
 v - 4 potions of haste {@q3}
 w - 5 potions of attraction {!q}
 x - 4 potions of might
 E - 5 potions of magic
 I - 2 potions of berserk rage
 M - a potion of resistance


   Skills:
 * Level 18.3 Fighting
 - Level 12.0 Maces & Flails
 - Level 3.5 Polearms
 + Level 3.8 Throwing
 + Level 15.2 Armour
 * Level 15.6 Dodging
 - Level 10.0 Stealth
 + Level 7.5 Shields
 - Level 6.0 Evocations


You had 16 spell levels left.
You didn't know any spells.
Your spell library contained the following spells:

 Spells                   Type           Power      Damage    Failure   Level
 Freeze                   Ice            0%         1d3       73%         1
 Blink                    Tloc           0%         N/A       86%         2
 Dazzling Flash           Conj/Hex       0%         N/A       97%         3
 Frozen Ramparts          Ice            0%         1d1       97%         3
 Lesser Beckoning         Tloc           0%         N/A       97%         3
 Hailstorm                Conj/Ice       0%         3d3       100%        4
 Iskenderun's Mystic Bla  Conj/Tloc      0%         2d3       100%        4
 Manifold Assault         Tloc           0%         N/A       100%        5
 Starburst                Conj/Fire      0%         6d3       100%        6
 Storm Form               Tmut/Air       0%         N/A       100%        7


Dungeon Overview and Level Annotations

Branches:
Dungeon (15/15) Zot: 25930  Temple (1/1) D:7 Zot: 5933    Lair (5/5) D:10 Zot: 22207
 Shoals (2/4) Lair:2 Zot: 10898  Spider (4/4) Lair:2 Zot: 19147   Slime (0/5) Lair:5
    Orc (2/2) D:12 Zot: 10700     Elf (0/3) Orc:2        Vaults (0/5) D:13
 Depths (0/4) D:15          Sewer (visited)         Ossuary (visited)
  IceCv (visited)

Altars:
Ashenzari
Cheibriados
Dithmenos
Elyvilon
Fedhas
Gozag
Hepliaklqana
Kikubaaqudgha
Makhleb
Nemelex Xobeh
Okawaru
Qazlal
Ru
Sif Muna
Trog
Uskayaw
Vehumet
Wu Jian
Xom
Yredelemnul
Zin
The Shining One
Lugonu

Shops:
D:9 [   D:10 *   D:15 !   Orc:2 (?*=

Portals:
Abyss: Lair:5

Annotations:
D:4 2 runed translucent doors, JGreham's ghost, amateur GrCK
D:15 4 transporters, 3 runed translucent doors, duchin's ghost, adept MfIE
Shoals:2 Jorgrun


Innate Abilities, Weirdness & Mutations

You have a beak for a mouth.
You have claws for feet.
Your magical nature lets you fly swiftly and evasively.
You are somewhat resistant to further mutation.


Message History

Trog accepts your kill.
The merfolk throws a silver boomerang.
You block the silver boomerang.
The merfolk siren chants a haunting song.
You resist with almost no effort.
You whack the dream sheep! You burn the dream sheep. You claw the dream sheep!
You kill the dream sheep!
Trog accepts your kill.
Things that are here:
4 large rocks; a cyclops corpse You thrash the dream sheep!!
You burn the dream sheep.
You kill the dream sheep!
Trog accepts your kill. The merfolk impaler misses you.
The merfolk siren chants a haunting song.
You resist with almost no effort. The merfolk impaler misses you.
The faun unwields a +0 sling.
The faun wields a +0 spear.
You block the faun's attack.
The merfolk hits you from afar with a +0 halberd!!
You block the merfolk impaler's attack.
You see here a dream sheep corpse.
You whack the merfolk impaler! You burn the merfolk impaler.
Your kick misses the merfolk impaler. The dream sheep closely misses you.
The dream sheep ruffle their wool and motes of dream dust sparkle, to no effect.
You block the faun's attack. The faun hits you with a +0 spear!
The merfolk impaler completely misses you.
You block the merfolk's attack.
You closely miss the merfolk impaler. You claw the merfolk impaler.
The merfolk barely misses you. You block the dream sheep's attack.
You whack the merfolk impaler! You burn the merfolk impaler.
You claw the merfolk impaler. Your peck misses the merfolk impaler.
The faun unwields a +0 spear.
The faun wields a +0 sling.
The faun shoots a sling bullet.
You block the sling bullet.
The merfolk siren completely misses you.
You block the merfolk's attack. The faun closely misses you.
The merfolk hits you from afar with a +0 trident.
Okay, then.
As you read the scroll of teleportation {@r4}, it crumbles to dust.
You feel strangely unstable.
The dream sheep bites you but does no damage.
The merfolk impaler completely misses you.
The dream sheep shake their wool and sparkle.
You feel drowsy...
You fall asleep.
The merfolk hits you from afar with a +0 halberd!!!
You wake up.
Ouch! That really hurt!
* * * LOW HITPOINT WARNING * * *
The merfolk siren hits you from afar with a +0 trident!
* * * LOW HITPOINT WARNING * * *
The faun hits you with a +0 spear.
You die...

≈~~≈≈~~~~≈≈≈≈≈≈~"..~≈≈~~~
~~~~~~~~~~~≈≈~~~..~~≈~~..
.~~~...~~~~~~~.~.~~~≈..~
......~~.~~~~....~~≈~~~
...~~~~~~~~......~~≈≈≈
~~~~~..~..[#..~~≈≈≈
.......~..##...~~..
.......(..........
###...m@........~~
#...mcYYc..~...~
.....m.m...~~..
.....~...~~~..~
..[....~~~...~~
......~~~~~..~~
..~...~~~~~~~~~
~~~..~~~≈≈~~~~≈


You could see a merfolk impaler, 2 merfolk, 2 fauns, a merfolk siren and 2 dream
sheep.

Vanquished Creatures
  A golden dragon (IceCv)
  Kirke (Shoals:1)
  Donald (Orc:2)
  Roxanne (Spider:2)
  An emperor scorpion (Spider:3)
  Louise (Spider:1)
  2 ghost moths (Spider:3)
  2 broodmothers
  2 entropy weavers
  2 spark wasps
  An ettin (shapeshifter) (D:15)
  A merfolk impaler (Shoals:1)
  A great orb of eyes (D:15)
  12 hydras
  Fannar (D:11)
  2 boulder beetles (D:15)
  5 ice dragons (IceCv)
  Erolcha (Orc:2)
  A merfolk avatar (Shoals:2)
  5 two-headed ogres
  A radroach (Spider:2)
  A catoblepas (D:13)
  4 centaur warriors
  A tengu warrior (D:14)
  14 death yaks
  2 thrashing horrors (Lair:5)
  7 orc high priests (Orc:2)
  Lodul (D:11)
  5 sea snakes
  4 pharaoh ants
  A steelbarb worm (Lair:2)
  5 orb spiders
  An orange crystal statue (IceCv)
  2 deep elf pyromancers
  An oklob plant (Lair:5)
  An orc knight (D:13)
  2 ugly things (Lair:5)
  7 manticores
  9 wolf spiders
  3 cyclopes
  3 moths of wrath
  12 elephants
  A merfolk siren (Shoals:2)
  Maurice (D:8)
  3 water nymphs (Shoals:2)
  2 torpor snails (Spider:1)
  4 black mambas
  6 cane toads
  An unseen horror (D:11)
  A smoke demon (Lair:5)
  5 komodo dragons
  2 storm dragon simulacra (IceCv)
  2 kobold demonologists
  2 gargoyles
  A freezing wraith (D:15)
  10 demonic crawlers
  A rime drake (Lair:5)
  3 yaktaurs (D:13)
  7 golden dragon simulacra (IceCv)
  An ancient zyme (Lair:5)
  6 trolls
  3 meliai (Spider:4)
  2 large abominations (Lair:5)
  3 polar bears
  A queen bee (shapeshifter) (Lair:5)
  7 tarantellas
  A wind drake (Lair:2)
  Prince Ribbit (D:8)
  A wolf spider simulacrum (D:15)
  46 blink frogs
  2 slime creatures (D:15)
  2 hornets
  6 dream sheep
  21 jumping spiders
  A wraith (D:13)
  A spriggan (Lair:5)
  A centaur simulacrum (D:14)
  10 culicivoras
  A shadow (D:12)
  5 ynoxinuls (Lair:5)
  2 hogs (Shoals:1)
  2 water elementals
  49 yaks
  3 basilisks
  Grum (D:11)
  40 redbacks
  4 wyverns
  7 vampire mosquitoes
  5 wargs
  A chaos spawn (Lair:5)
  6 acid dragons
  8 water moccasins
  2 ice beasts
  15 orc warriors
  2 black bears (D:6)
  17 centaurs
  6 ice dragon simulacra (IceCv)
  11 ogres
  9 wolves
  A phantom (D:4)
  7 kobold brigands
  11 small abominations (Lair:5)
  A bullfrog (shapeshifter) (D:15)
  14 bullfrogs
  A necrophage (D:3)
  15 scorpions
  12 wights
  5 killer bees
  6 lindwurm simulacra (IceCv)
  4 howler monkeys
  2 vampire bats (D:6)
  3 electric eels
  3 hounds
  31 orc priests
  4 human zombies (Ossuary)
  7 iguanas
  4 scorpion zombies (Ossuary)
  Terence (D:2)
  13 orc wizards
  3 mummies (Ossuary)
  13 gnolls
  11 adders
  A river rat (D:5)
  2 shadow imps (D:7)
  5 white imps
  2 ufetubi (D:7)
  6 worms
  4 dart slugs
  68 orcs
  9 endoplasms
  14 giant cockroaches
  6 goblins
  7 hobgoblins
  5 jackals
  20 kobolds
  8 quokkas
  9 ball pythons
  11 bats
  5 frilled lizards
  A gnoll zombie (Ossuary)
  2 goblin zombies (Ossuary)
  2 hobgoblin zombies (Ossuary)
  2 kobold zombies (Ossuary)
  5 orc zombies (Ossuary)
  7 rats
868 creatures vanquished.

Vanquished Creatures (collateral kills)
  An orc warlord (Orc:1)
  An orc knight (Orc:2)
  A wolf spider (D:15)
  4 wargs (Orc:2)
  6 orc warriors
  2 ogres (Orc:2)
  5 orc priests (Orc:2)
  4 orc wizards
  10 orcs
34 creatures vanquished.

Vanquished Creatures (others)
  A deep elf pyromancer (D:12)
  2 redbacks
  A centaur (D:12)
  A kobold brigand (D:13)
  An orc wizard (D:10)
  An orc (D:12)
  26 fungi
  91 plants
124 creatures vanquished.

Grand Total: 1026 creatures vanquished

Notes
Turn   | Place    | Note
-------+----------+-------------------------------------------
     0 | D:1      | GeoRichter the Tengu Monk began the quest for the Orb.
     0 | D:1      | Reached XP level 1. HP: 14/14 MP: 2/2
   182 | D:1      | Reached XP level 2. HP: 12/19 MP: 3/3
   304 | D:1      | You fall into a shaft and drop 1 floor!
   308 | D:2      | Identified the +9 whip of the Priest {freeze, Will+}
   587 | D:1      | Reached skill level 1 in Maces & Flails
   982 | D:1      | Reached XP level 3. HP: 23/23 MP: 4/4
  1486 | D:2      | Noticed Terence
  1494 | D:2      | Killed Terence
  1497 | D:2      | Reached XP level 4. HP: 28/29 MP: 5/5
  1925 | D:2      | Found a faded altar of an unknown god.
  2431 | D:3      | Reached skill level 4 in Fighting
  2448 | D:3      | Gained mutation: Your magical nature lets you fly swiftly
                  | and evasively. [Tengu growth]
  2448 | D:3      | Reached XP level 5. HP: 20/33 MP: 6/6
  2758 | D:3      | Found an iron altar of Okawaru.
  2949 | D:3      | Reached XP level 6. HP: 39/39 MP: 7/7
  3248 | D:3      | Reached skill level 5 in Maces & Flails
  3558 | D:4      | Found a large runed translucent door.
  3558 | D:4      | Found a large runed translucent door.
  3564 | D:4      | Noticed JGreham's ghost (amateur GrCK)
  3836 | D:4      | Found a sand-covered staircase.
  3842 | Ossuary  | Entered an ossuary
  3868 | Ossuary  | Reached skill level 5 in Fighting
  3868 | Ossuary  | Reached XP level 7. HP: 44/44 MP: 8/8
  4235 | Ossuary  | Reached XP level 8. HP: 43/50 MP: 9/9
  4249 | Ossuary  | Reached skill level 5 in Dodging
  4437 | Ossuary  | Reached skill level 6 in Fighting
  4632 | D:4      | Identified the amulet "Sarolac" {Reflect rC- Will++ rCorr
                  | SH+5}
  4799 | D:4      | Identified the +3 chain mail "Vaom" {Str+2 Int+3}
  4915 | D:4      | Reached XP level 9. HP: 49/56 MP: 10/10
  5044 | D:5      | Entered Level 5 of the Dungeon
  5209 | D:5      | Found a glowing drain.
  5229 | Sewer    | Entered a sewer
  5336 | Sewer    | Reached skill level 7 in Fighting
  6164 | D:6      | Reached skill level 10 in Maces & Flails
  6165 | D:6      | Identified the ring "Ihuilo" {Will+ Str+4}
  7098 | D:6      | Reached XP level 10. HP: 64/64 MP: 11/11
  7433 | D:7      | Found a staircase to the Ecumenical Temple.
  7457 | Temple   | Entered the Ecumenical Temple
  7457 | Temple   | Found a transporter.
  7457 | Temple   | Found a transporter.
  7459 | Temple   | Found a transporter.
  7459 | Temple   | Found a transporter.
  7515 | Temple   | Became a worshipper of Trog the Wrathful
  7515 | Temple   | Reached * piety under Trog
  7515 | Temple   | Reached ** piety under Trog
  7546 | D:7      | Reached skill level 8 in Fighting
  8775 | D:8      | Noticed a two-headed ogre
  8793 | D:8      | Killed a two-headed ogre
  8835 | D:8      | Noticed a two-headed ogre
  8925 | D:8      | Noticed Prince Ribbit
  8934 | D:8      | Killed Prince Ribbit
  8934 | D:8      | Reached *** piety under Trog
  9021 | D:8      | Reached skill level 1 in Armour
  9165 | D:8      | Noticed Maurice
  9171 | D:8      | Killed Maurice
  9172 | D:8      | Reached skill level 1 in Evocations
  9414 | D:8      | Reached skill level 9 in Fighting
  9455 | D:8      | Found a snail-covered altar of Cheibriados.
  9473 | D:8      | Killed a two-headed ogre
  9474 | D:8      | Reached XP level 11. HP: 71/71 MP: 12/12
  9751 | D:9      | Noticed a two-headed ogre
  9758 | D:9      | Killed a two-headed ogre
  9774 | D:9      | Found a hide-covered altar of Uskayaw.
 10036 | D:9      | Found Qalam's Armour Shoppe.
 10049 | D:9      | Bought a +0 buckler for 63 gold pieces
 10402 | D:9      | Reached skill level 1 in Shields
 10573 | D:9      | Noticed a two-headed ogre
 10582 | D:9      | Killed a two-headed ogre
 10583 | D:9      | Reached skill level 10 in Fighting
 10767 | D:10     | Entered Level 10 of the Dungeon
 10978 | D:10     | Noticed a death yak
 11001 | D:10     | Killed a death yak
 11001 | D:10     | Noticed a death yak
 11026 | D:10     | Noticed a death yak
 11050 | D:10     | Killed a death yak
 11057 | D:10     | Killed a death yak
 11059 | D:10     | Reached **** piety under Trog
 11263 | D:10     | Found a staircase to the Lair.
 11572 | D:10     | Found Caepyc's CLEARANCE SALE!.
 11579 | D:10     | Bought a +2 pair of gloves of infusion for 86 gold pieces
 11724 | Lair:1   | Entered Level 1 of the Lair of Beasts
 11790 | Lair:1   | Identified the +1 robe of Sophism {Rampage rElec}
 11859 | Lair:1   | Reached skill level 5 in Armour
 11999 | Lair:1   | Noticed a five-headed hydra
 12007 | Lair:1   | Killed a five-headed hydra
 12008 | Lair:1   | Reached skill level 10 in Dodging
 12008 | Lair:1   | Reached XP level 12. HP: 74/79 MP: 11/13
 12014 | Lair:1   | Reached skill level 11 in Fighting
 12431 | Lair:1   | Reached skill level 5 in Evocations
 12806 | Lair:1   | Noticed a seven-headed hydra
 12814 | Lair:1   | Killed a seven-headed hydra
 13209 | Lair:2   | Reached ***** piety under Trog
 13543 | Lair:2   | Found a hole to the Spider Nest.
 13557 | Lair:2   | Reached skill level 12 in Fighting
 13716 | Lair:2   | Reached skill level 5 in Shields
 14214 | Lair:2   | Found a staircase to the Shoals.
 14635 | Lair:3   | Reached XP level 13. HP: 87/87 MP: 7/14
 15421 | Lair:3   | Identified a scroll of acquirement
 15421 | Lair:3   | Acquired the +3 pair of gauntlets of War {Slay+5}
 15421 | Lair:3   | Found the +3 pair of gauntlets of War {Slay+5}
 15876 | Lair:4   | Reached skill level 13 in Fighting
 17002 | Lair:4   | Reached skill level 5 in Stealth
 17276 | Lair:4   | Received a gift from Trog
 17287 | Lair:4   | Acquired the +0 hat of Cyirghah {rC++ Will++ Stlth-}
 17638 | Lair:5   | Entered Level 5 of the Lair of Beasts
 17685 | Lair:4   | Reached XP level 14. HP: 72/95 MP: 15/15
 17824 | Lair:4   | Reached skill level 14 in Fighting
 19024 | Lair:5   | Found a staircase to the Slime Pits.
 19451 | Lair:5   | Reached skill level 15 in Fighting
 19467 | Lair:5   | Received a gift from Trog
 19624 | Lair:5   | Found a corrupted altar of Lugonu.
 19624 | Lair:5   | Found a one-way gate to the infinite horrors of the Abyss.
 19643 | Lair:5   | Acquired a manual of Armour
 19747 | Lair:5   | Reached skill level 10 in Armour
 20154 | D:11     | Noticed Grum
 20168 | D:11     | Killed Grum
 20469 | D:11     | Noticed Fannar
 20482 | D:11     | Killed Fannar
 20723 | D:11     | Noticed Lodul
 20767 | D:11     | Killed Lodul
 21204 | D:12     | Reached XP level 15. HP: 103/103 MP: 16/16
 21357 | D:12     | Found a staircase to the Orcish Mines.
 21786 | D:12     | Reached ****** piety under Trog
 21865 | Orc:1    | Entered Level 1 of the Orcish Mines
 21892 | Orc:1    | Noticed an orc warlord
 21907 | Orc:1    | Killed an orc warlord
 21907 | Orc:1    | Received a gift from Trog
 22116 | Orc:2    | Entered Level 2 of the Orcish Mines
 22169 | Orc:2    | Found a staircase to the Elven Halls.
 22182 | Orc:2    | Noticed Donald
 22193 | Orc:2    | Killed Donald
 22374 | Orc:2    | Noticed Erolcha
 22463 | Orc:2    | Reached skill level 16 in Fighting
 22534 | Orc:2    | Found Axtioropt's Jewellery Shop.
 22534 | Orc:2    | Found Icvuidgh's General Store.
 22573 | Orc:2    | Killed Erolcha
 22998 | Orc:2    | Found Bolyc's Magic Scroll Shop.
 22998 | Orc:2    | Found Emufy's Weapon Emporium.
 23003 | Orc:2    | Bought a scroll of teleportation for 48 gold pieces
 23505 | D:13     | Received a gift from Trog
 24056 | D:13     | Found a gate to the Vaults.
 24219 | D:14     | Found a frozen archway.
 24250 | IceCv    | Entered an ice cave
 24731 | IceCv    | Noticed a golden dragon
 24765 | IceCv    | Killed a golden dragon
 25009 | IceCv    | Identified the ring "Cycaefoy" {rF+ Will+}
 25013 | IceCv    | Found the +3 pair of seven-league boots {Rampage+∞}
 25597 | D:14     | Found a stormy altar of Qazlal.
 25822 | D:14     | Found a blossoming altar of Fedhas.
 26125 | D:15     | Entered Level 15 of the Dungeon
 26170 | D:15     | Reached XP level 16. HP: 102/112 MP: 17/17
 26228 | D:15     | Found a transporter.
 26263 | D:15     | Found a transporter.
 26263 | D:15     | Found a transporter.
 26525 | D:15     | Found a runed translucent gate.
 26525 | D:15     | Found a runed translucent gate.
 26526 | D:15     | Gained mutation: You are weak. (Str -2) [mutagenic glow]
 26543 | D:15     | Noticed duchin's ghost (adept MfIE)
 26545 | D:15     | Gained mutation: You sometimes lose your temper in combat.
                  | [mutagenic glow]
 26547 | D:15     | Found a runed translucent gate.
 26577 | D:15     | Gained mutation: You are clumsy. (Dex -2) [mutagenic glow]
 26628 | D:15     | Reached skill level 17 in Fighting
 26640 | D:15     | Found a transporter.
 26820 | D:15     | Found Coqoloe's Distillery.
 26831 | D:15     | Received a gift from Trog
 26838 | D:15     | Lost mutation: You are weak. (Str -2) [potion of mutation]
 26838 | D:15     | Lost mutation: You sometimes lose your temper in combat.
                  | [potion of mutation]
 26838 | D:15     | Lost mutation: You are clumsy. (Dex -2) [potion of
                  | mutation]
 26838 | D:15     | Gained mutation: You are dopey. (Int -2) [potion of
                  | mutation]
 26838 | D:15     | Gained mutation: Your flesh is cold resistant. (rC+)
                  | [potion of mutation]
 26838 | D:15     | Gained mutation: Your body sometimes deteriorates upon
                  | taking damage. [potion of mutation]
 26838 | D:15     | Gained mutation: Your spells are a little harder to cast,
                  | but a little more powerful. [potion of mutation]
 26839 | D:15     | Lost mutation: Your flesh is cold resistant. (rC+) [potion
                  | of mutation]
 26839 | D:15     | Lost mutation: Your spells are a little harder to cast, but
                  | a little more powerful. [potion of mutation]
 26839 | D:15     | Lost mutation: Your body sometimes deteriorates upon taking
                  | damage. [potion of mutation]
 26839 | D:15     | Gained mutation: You are weak. (Str -2) [potion of
                  | mutation]
 26839 | D:15     | Gained mutation: Your spells are a little harder to cast,
                  | but a little more powerful. [potion of mutation]
 26842 | D:15     | Bought a potion of heal wounds for 100 gold pieces
 26842 | D:15     | Bought 2 potions of heal wounds for 200 gold pieces
 26842 | D:15     | Bought 2 potions of haste for 400 gold pieces
 26850 | D:15     | Lost mutation: Your spells are a little harder to cast, but
                  | a little more powerful. [potion of mutation]
 26850 | D:15     | Lost mutation: You are dopey. (Int -2) [potion of mutation]
 26850 | D:15     | Gained mutation: Your spells are a little harder to cast,
                  | but a little more powerful. [potion of mutation]
 26850 | D:15     | Gained mutation: You are very weak. (Str -4) [potion of
                  | mutation]
 26850 | D:15     | Gained mutation: You have a pair of small horns on your
                  | head. [potion of mutation]
 26851 | D:15     | Lost mutation: You have a pair of small horns on your head.
                  | [potion of mutation]
 26851 | D:15     | Lost mutation: Your spells are a little harder to cast, but
                  | a little more powerful. [potion of mutation]
 26851 | D:15     | Lost mutation: You are very weak. (Str -4) [potion of
                  | mutation]
 26851 | D:15     | Gained mutation: You have sharp fingernails. [potion of
                  | mutation]
 26851 | D:15     | Gained mutation: Potions are less effective at restoring
                  | your health. [potion of mutation]
 26852 | D:15     | Lost mutation: You have sharp fingernails. [potion of
                  | mutation]
 26852 | D:15     | Lost mutation: You are weak. (Str -2) [potion of mutation]
 26852 | D:15     | Lost mutation: Potions are less effective at restoring your
                  | health. [potion of mutation]
 26852 | D:15     | Gained mutation: You are somewhat resistant to further
                  | mutation. [potion of mutation]
 26920 | D:15     | Found a staircase to the Depths.
 27363 | Spider:1 | Entered Level 1 of the Spider Nest
 27809 | Spider:1 | Noticed Louise
 27821 | Spider:1 | Killed Louise
 27854 | Spider:1 | Reached skill level 10 in Stealth
 27975 | Spider:1 | Acquired a ring of see invisible
 28506 | Spider:1 | Received a gift from Trog
 28646 | Spider:2 | Noticed Roxanne
 28660 | Spider:2 | Killed Roxanne
 28889 | Spider:2 | Reached skill level 1 in Throwing
 30921 | Spider:3 | Reached skill level 15 in Dodging
 31390 | Spider:3 | Reached skill level 18 in Fighting
 31473 | Spider:3 | Received a gift from Trog
 31619 | Spider:3 | Reached XP level 17. HP: 75/119 MP: 1/18
 32636 | Spider:4 | Entered Level 4 of the Spider Nest
 32779 | Shoals:1 | Entered Level 1 of the Shoals
 32841 | Shoals:1 | Reached skill level 15 in Armour
 32952 | Shoals:1 | Noticed Kirke
 32969 | Shoals:1 | Killed Kirke
 33528 | Shoals:2 | Noticed Jorgrun
 33983 | Shoals:2 | HP: 1/120 [merfolk siren/+0 trident (8)]
 33983 | Shoals:2 | Slain by a faun

Illustrated notes

Levels and vault maps discovered:
D:1:      dpeg_arrival_stonehenge_8_columns, layout_loops_corners,
          dk_noncrumbling_3
D:2:      layout_loops_corners, chequers_ecumenical_altar_grove,
          minmay_small_reverse_x, uniq_terence
D:3:      layout_basic, lemuel_tele_altar
D:4:      layout_cave_pools, nicolae_ossuary_entry_plus,
          ebering_ghost_disaster_area, grunt_decor_fettered
D:5:      layout_basic, portal_sewer_entry_a, minmay_fountain_box,
          nrook_campfire, kennysheep_generic_room_9
D:6:      layout_loops_corners, serial_glass, glass_columns_c, glass_columns_a,
          item_on_display_a, minmay_strange_pillars, item_on_display_b,
          roderic_batcave, minmay_manual_monstrance
D:7:      layout_loops_corners, temple_green, serial_demonic, serial_demonic_f,
          serial_demonic_b, serial_demonic_f, serial_demonic_b
D:8:      layout_gridville, mainiacjoe_overflow_catwalk, uniq_maurice,
          uniq_prince_ribbit1
D:9:      layout_loops_ring, mainiacjoe_overflow_chevrons, serial_shops, shop
D:10:     layout_long_grid, dpeg_lair_monsters, minmay_misc_feat_nine_boxes,
          hangedman_abyss_or_decor_lesser_grid, nicolae_shop_clearance
D:11:     layout_basic, minmay_holes, blue_anna_alchemist, uniq_lodul,
          uniq_grum, uniq_fannar
D:12:     layout_roguey, david_orc_3
D:13:     layout_loops_ring, hangedman_vaults_entry_quadrant_bands,
          grunt_decor_resistance
D:14:     layout_roguey, nicolae_qazlal_style_of_elements,
          portal_ice_cave_entry_pillars_2, fedhas_ov_isle_minmay
D:15:     hangedman_depths_entry_try_elsewhere_first, layout_loops_ring,
          gammafunk_ghost_tricky_traps, nrook_pool_corridor, serial_shops,
          nicolae_shop_crystal, nicolae_transporter_circle
Temple:   hellmonk_temple_divided_pantheon
Lair:1:   layout_gridlike, infiniplex_staircase_pool, serial_bayou_shore_a
Lair:2:   layout_cave_pods, minmay_shoals_entry_beasts, spider_nest_entry_webs,
          minivault_24, nicolae_quartered_pool_super
Lair:3:   layout_gridlike
Lair:4:   layout_hall_layers
Lair:5:   hellmonk_lair_end_abyssal_woods, layout_gridlike, slime_entry_1,
          lemuel_fruit_tree
Shoals:1: layout_shoals, nicolae_shoals_square_sea_wall, uniq_kirke
Shoals:2: layout_shoals, uniq_jorgrun
Spider:1: layout_spider_delve, uniq_louise
Spider:2: layout_cave_pods, uniq_roxanne
Spider:3: layout_chambers
Spider:4: hellmonk_spider_rune_endless_swarm, hellmonk_spider_spawner,
          uniq_nikola
Orc:1:    layout_diamond_mine
Orc:2:    st_orc_town, layout_caves, special_room, basic_altar, uniq_erolcha,
          uniq_donald

Skill      XL: |  1  2  3  4  5  6  7  8  9 10 11 12 13 14 15 16 17 |
---------------+----------------------------------------------------+-----
Maces & Flails | 1 2 3 4 5 7 8 10 12 | 12.0
Fighting       | 4 5 6 7 9 10 12 13 15 16 18 | 18.3
Dodging        | 4 6 7 8 10 12 13 14 15 | 15.6
Armour         | 2 5 6 8 10 13 14 15 | 15.2
Evocations     | 2 4 6 |  6.0
Shields        | 3 5 6 7 |  7.5
Stealth        | 5 7 9 10 | 10.0
Throwing       | 2 3 |  3.8
Polearms       | |  3.5

Action                   |  1- 3 |  4- 6 |  7- 9 | 10-12 | 13-15 | 16-18 || total
-------------------------+-------+-------+-------+-------+-------+-------++-------
Melee: Spear             |    15 |       |       |       |       |       ||    15
       Kick              |     5 |    23 |    94 |   178 |   531 |   337 ||  1168
       Peck              |     2 |    19 |    49 |   119 |   335 |   214 ||   738
       Whip              |    36 |   117 |   292 |   517 |   985 |   213 ||  2160
       Punch             |       |     2 |     3 |     5 |       |       ||    10
       Demon whip        |       |       |       |       |   154 |   470 ||   624
Throw: Throwing net      |       |       |       |     4 |       |       ||     4
       Dart              |       |       |       |     3 |    16 |       ||    19
Invok: Trog's Hand       |       |       |       |       |     4 |     1 ||     5
       Brothers in Arms  |       |       |       |       |     6 |       ||     6
       Berserk           |       |       |       |       |     2 |     2 ||     4
Evoke: Wand              |       |       |       |    30 |     5 |     9 ||    44
  Use: Scroll            |       |     6 |     3 |     3 |    22 |     9 ||    43
       Potion            |       |       |       |       |     1 |     7 ||     8
 Stab: Sleeping          |     2 |     3 |     2 |     2 |    10 |     9 ||    28
       Held in net/web   |       |       |       |     6 |       |       ||     6
       Distracted        |       |       |       |     1 |     4 |     2 ||     7
       Betrayed ally     |       |       |       |       |       |     1 ||     1
Armor: Ring mail         |     6 |    22 |    28 |    28 |    68 |       ||   152
       Ice dragon scales |       |       |       |       |    27 |       ||    27
       Troll leather arm |       |       |       |       |    26 |    34 ||    60
       Acid dragon scale |       |       |       |       |     6 |    60 ||    66
Dodge: Dodged            |    20 |    52 |   106 |   197 |   577 |   430 ||  1382
Block: Other             |       |       |    28 |    14 |       |       ||    42
       Reflection        |       |       |     2 |     4 |    24 |     3 ||    33
       Buckler           |       |       |       |    98 |   407 |       ||   505
       Kite shield       |       |       |       |       |    25 |   594 ||   619
